 Dungeon Sprint DCSS version 0.21-a0-400-g417d9d2 (webtiles) character file.

91 Amnesiac the Digger (level 4, 30/30 HPs)
             Began as a Demonspawn Earth Elementalist on Oct 20, 2017.
             Quit the game in the Dungeon (Sprint I: "Red Sonja").
             The game lasted 00:00:37 (200 turns).

Amnesiac the Digger (Demonspawn Earth Elementalist)  Turns: 200, Time: 00:00:39

Health: 30/30      AC:  2    Str:  8    XL:     4   Next: 33%
Magic:  3/10       EV: 12    Int: 17    God:
Gold:   0          SH:  0    Dex: 14    Spells: 11/12 levels left

rFire    . . .     SeeInvis .   (no weapon)
rCold    . . .     Gourm    .   (no shield)
rNeg     . . .     Faith    .   c - +0 robe
rPois    .         Spirit   .   (no helmet)
rElec    .         Reflect  .   (no cloak)
rCorr    .         Harm     .   (no gloves)
MR       .....     NoTele   +   (no boots)
Stlth    ++........             (no amulet)
HPRegen  0.10/turn              (no ring)
MPRegen  0.12/turn              (no ring)

@: no status effects
A: claws 1, demonic guardian 1
a: no special abilities


You were in the Dungeon.
You were not hungry.

You visited 1 branch

Inventory:

Missiles
 b - 21 stones (quivered)
Armour
 c - a +0 robe (worn)
Scrolls
 j - a scroll of blinking {!r}
Potions
 e - a potion of curing {!q}
 f - a potion of heal wounds {!q}
 h - a potion of magic {!q}
Books
 k - a book of Geomancy

   Spells                             Type                      Level
   a - Sandblast                      Earth                        1
   b - Passwall                       Transmutation/Earth          2
   c - Stone Arrow                    Conjuration/Earth            3
   d - Petrify                        Transmutation/Earth          4
   e - Lee's Rapid Deconstruction     Earth                        5
Comestibles
 d - a bread ration


   Skills:
 - Level 1.7 Dodging
 - Level 1.7 Stealth
 + Level 4.9 Spellcasting
   Level 0.8 Transmutations
 * Level 7.0 Earth Magic


You had 11 spell levels left.
You knew the following spells:

 Your Spells              Type           Power        Failure   Level  Hunger
a - Sandblast             Erth           ####..       1%          1    None


Dungeon Overview and Level Annotations

Branches:
Dungeon (1/1)

Altars:


Innate Abilities, Weirdness & Mutations

You have sharp fingernails.
A weak demonic guardian rushes to your aid.


Message History

Your demonic ancestry asserts itself...
You feel the presence of a demonic guardian.
b - 24 stones
There is an open door, spattered with blood here.
You see here a leather armour.
You start resting.
Your extra speed is starting to run out.
You start resting.
You feel yourself speed up.
You start resting.
You feel yourself slow down.
You start resting.
Magic restored.
You start resting.
You recover from your berserk rage.
You start resting.
Magic restored.
You start resting.
You start resting.
HP restored.
You start resting.
HP restored.
As you open the door, it creaks loudly!
You hear a shout!
An ogre comes into view. It is wielding a giant club.
Casting: Sandblast
Confirm with . or Enter, or press ? or * to list all spells.
Aiming: Sandblast
Press: ? - help, Shift-Dir - straight line, f - ogre
Aim: an ogre, wielding a giant club The blast of sand hits the ogre.
The ogre is lightly wounded.
b - 23 stones Your white imp freezes the ogre.
The ogre misses you.
Unknown command.
Your white imp freezes the ogre.
There is an open door, spattered with blood here.
You see here a leather armour.
Casting: Sandblast
Confirm with . or Enter, or press ? or * to list all spells.
Aiming: Sandblast
Press: ? - help, Shift-Dir - straight line, f/p - ogre
Aim: an ogre, wielding a giant club (heavily wounded)
The blast of sand hits the ogre.
The ogre is severely wounded.
b - 22 stones Unknown command.
Casting: Sandblast
Confirm with . or Enter, or press ? or * to list all spells.
Aiming: Sandblast
Press: ? - help, Shift-Dir - straight line, f/p - ogre
Aim: an ogre, wielding a giant club (severely wounded)
The blast of sand hits the ogre.
You kill the ogre!
Your Spellcasting skill increases to level 4!
Your Earth Magic skill gained 2 levels and is now at level 7!
You have reached level 3!
Your experience leads to an increase in your attributes!
Increase (S)trength, (I)ntelligence, or (D)exterity?
You feel clever.
You have reached level 4!
You feel agile.
Your demonic ancestry asserts itself...
Your fingernails lengthen.
b - 21 stones Are you sure you want to abandon this character and quit the game? (Confirm with "yes".)

##########
#<.#5.'..#
#..@).#
#..####
#..# #..#
#..# #⌠⌠#
####


You could see a friendly white imp.

Vanquished Creatures
  An ogre (D)
  Ijyb (D)
2 creatures vanquished.

Notes
Turn   | Place    | Note
-------+----------+-------------------------------------------
     0 | D        | Amnesiac the Demonspawn Earth Elementalist began the quest for the Orb.
     0 | D        | Reached XP level 1. HP: 13/13 MP: 3/3
     1 | D        | Noticed Ijyb
    27 | D        | Killed Ijyb
    27 | D        | Reached skill level 5 in Earth Magic
    27 | D        | Gained mutation: A weak demonic guardian rushes to your aid. [demonic ancestry]
    27 | D        | Reached XP level 2. HP: 9/19 MP: 1/6
   195 | D        | Noticed an ogre
   199 | D        | Killed an ogre
   199 | D        | Reached skill level 7 in Earth Magic
   199 | D        | Reached XP level 3. HP: 24/24 MP: 3/9
   199 | D        | Gained mutation: You have sharp fingernails. [demonic ancestry]
   199 | D        | Reached XP level 4. HP: 30/30 MP: 3/10
   200 | D        | Quit the game

Vault maps used:
D:        dungeon_sprint_1

Skill      XL: |  1  2 |
---------------+-------+-----
Spellcasting   | 3 4 |  4.9
Earth Magic    | 5 7 |  7.0
Dodging        | |  1.7
Stealth        | |  1.7
Transmutations | |  0.8

Action                   |  1- 3 |  4- 6 || total
-------------------------+-------+-------++-------
Melee: Unarmed           |    17 |       ||    17
 Cast: Sandblast         |     8 |     1 ||     9
  Use: Potion            |     3 |       ||     3
Armor: Robe              |     1 |       ||     1
Dodge: Dodged            |    12 |       ||    12

Table legend:
 A = Spawn XP
 B = Non-spawn XP
 C = Spawn XP percentage of total XP
 D = Spawn monster count
 E = Non-spawn monster count
 F = Spawn count percentage of total count
 G = Total turns spent on level
                    A         B        C        D         E        F      G
               +---------+---------+-------+---------+---------+-------+---------
         Total |       0 |     130 |   0.0 |       0 |       2 |   0.0 |   200
               +---------+---------+-------+---------+---------+-------+---------
             D |       0 |     130 |   0.0 |       0 |       2 |   0.0 |   200
               +---------+---------+-------+---------+---------+-------+---------
